Unix NetHack Version 3.7.0-65 Work-in-progress - last build Sep 23 2022 07:09:18 (44f82226d8e4b5dc2c60eb0db1503df654622890,branch:master). Game began 2022-09-23 16:42:37, ended 2022-09-23 18:31:22. Arasaka, lawful female dwarven Cavewoman ---- |..-- --- ----...-- --.---- ---)......| -- |.....| ---- -- |..%.....-| |.- --....-- ----..| --.- |.........| |..-- --.....----.|...| |...-- --.%......| -...----.......||......| ..... |...*..--- |...........-..|--....-- -..... |....|.| ---- |............--- |....| --- ......- -----..--|.| |..--- --...........-----.(.^| --.-- -...... --......|--.| ---....| ---..............[^.-- |...| |......-----..------|..| |......---- |...........----..| --..-- --..G.....|-..-- |.-- |.........----..........| ...| --...| |........G|..-- |.| --.......................-- .|.----....| ---........f.-- |.| |.............-...*.......| |...|.....| -............@.-- ---.----.-----.|.---............-- --.......| ------..........- |........| ----- ----.........| --*......| ---.......... |>..------ --.--....-- |..--.|.- --...---....- --..| -----...| |..|----- --.. --.-- ---- ----- ---- --- -- Arasaka the Wanderer St:18/02 Dx:15 Co:19 In:8 Wi:9 Ch:8 Lawful Dlvl:10 $:176 HP:0(72) Pw:13(12) AC:4 Xp:7/1111 T:4151 Latest messages: Unknown direction: 'M-i' (use 'h', 'j', 'k', 'l' or '.'). P - a ruby potion. The dog bites! The dog bites! You see here an arrow. An arrow shoots out at you! You are hit by an arrow. You hit the dog! You kill the dog! You see here a dog corpse. There is an arrow trap here. You see here an arrow. An arrow shoots out at you! You are hit by an arrow. You see here a dog corpse. You hit the warg! The warg bites! You hit the warg! You kill the warg! You hit the gremlin! The gremlin hits! The gremlin hits! The gremlin bites! The gremlin hits! You kill the gremlin! R - an ebony wand. S - a golden potion. You see here a gremlin corpse. What do you want to write with? [- abegoxzEHLMQRX or ?*] You write in the dust with your fingertip. What do you want to write with? [- abegoxzEHLMQRX or ?*] Do you want to add to the current engraving? [ynq] (y) You add to the writing in the dust with an ebony wand. What do you want to zap? [goxHR or ?*] In what direction? Status of Arasaka (piously lawful): Level 7 HP 27(72) AC 4, fast. The jaguar hits! The jaguar hits! The jaguar misses! You hit the jaguar! The jaguar hits! The jaguar hits! The jaguar bites! You hit the jaguar! The jaguar hits! The jaguar hits! The jaguar bites! The jaguar hits! The jaguar hits! You die... Inventory: Coins ('$') $ - 176 gold pieces Amulets ('"') G - a cursed amulet of restful sleep Weapons (')') b - an uncursed +2 sling z - an uncursed +0 elven dagger Q - an uncursed +1 club a - the blessed +0 Grayswandir (weapon in hand) Armor ('[') p - an uncursed +0 pair of iron shoes (being worn) n - an uncursed +0 dwarvish cloak (being worn) m - an uncursed +0 scale mail (being worn) Comestibles ('%') Z - an uncursed lembas wafer l - 2 uncursed sprigs of wolfsbane t - a cursed tripe ration Scrolls ('?') f - an uncursed scroll of blank paper N - a cursed scroll of earth J - a cursed scroll of enchant armor c - an uncursed scroll of gold detection C - an uncursed scroll of gold detection A - an uncursed scroll of light F - an uncursed scroll of punishment d - an uncursed scroll of taming v - a blessed scroll of teleportation i - an uncursed scroll of teleportation I - an uncursed scroll of teleportation Potions ('!') s - an uncursed potion of confusion u - an uncursed potion of extra healing S - an uncursed potion of full healing P - an uncursed potion of invisibility O - a blessed potion of object detection y - an uncursed potion of object detection K - an uncursed potion of speed Rings ('=') e - an uncursed ring of cold resistance Wands ('/') x - an uncursed wand of cold (0:2) o - an uncursed wand of nothing (0:13) g - an uncursed wand of nothing (0:11) R - an uncursed wand of probing (0:2) H - an uncursed wand of striking (0:2) Tools ('(') B - an uncursed brass lantern k - an uncursed magic lamp (lit) w - an uncursed magic whistle D - an uncursed magic whistle U - an uncursed oil lamp Y - an uncursed oil lamp q - an uncursed +0 pick-axe j - an uncursed skeleton key r - an uncursed tin whistle E - an uncursed towel Gems/Stones ('*') M - an uncursed amethyst stone L - an uncursed worthless piece of red glass X - 2 uncursed luckstones Arasaka the Cavewoman's attributes: Background: You were a Wanderer, a level 7 dwarven Cavewoman. You were lawful, on a mission for Anu who was opposed by Ishtar (neutral) and Anshar (chaotic). You were in the Gnomish Mines, on level 10. You entered the dungeon 4151 turns ago. You had 1111 experience points, 169 more were needed to attain level 8. Basics: You had 0 out of 72 hit points. You had 13 out of 12 energy points (spell power). Your armor class was 4. Your wallet contained 176 zorkmids. Autopickup was on for '$"?' plus thrown, with exceptions. Final Characteristics: Your strength was 18/02 (limit:18/100). Your dexterity was 15 (limit:20). Your constitution was 19 (limit:20). Your intelligence was 8 (limit:16). Your wisdom was 9 (limit:16). Your charisma was 8 (limit:16). Final Status: You were not hungry. You were unencumbered. You were wielding a saber. You had basic skill with saber. Final Attributes: You were piously aligned. You resisted hallucinations. You were telepathic. You had infravision. You were warded. You were fast. You were lucky. You had extra luck. Bad luck did not time out for you. Good luck did not time out for you. You are dead. Miscellaneous: You disabled loading of bones levels. Total elapsed playing time was 37 minutes and 14 seconds. Major events: Turn 1: Arasaka the lawful dwarven Cavewoman entered the dungeon 966: entered the Gnomish Mines 1189: attained the rank of Aborigine (level 3) 1987: reached Mine Town 2617: attained the rank of Wanderer (level 6) 2635: was bestowed with Grayswandir by Anu 4053: acquired the Mines' End luckstone 4151: killed by a jaguar Vanquished creatures: a warg a small mimic a gelatinous cube a cockatrice a gremlin a giant spider a black light an orc mummy an ogre a gold golem a werewolf 2 dogs a quasit a water nymph a mountain nymph 6 Uruk-hai a rock mole 2 ponies 2 fog clouds 3 yellow lights a shrieker a gnome leader a gnomish wizard a giant ant a little dog 2 dwarves a kobold shaman 3 rothes 2 giant bats an orc zombie a werejackal 5 iguanas 3 killer bees 2 hobbits 4 cave spiders a green mold 14 gnomes a gnome zombie 3 geckos 3 jackals 2 foxes a kobold 2 goblins 3 sewer rats 6 grid bugs 2 lichens 2 kobold zombies 5 newts 104 creatures vanquished. No species were genocided or became extinct. Voluntary challenges: You read items or engraved 14 times. You engraved Elbereth 6 times. You never genocided any monsters. You never polymorphed an object. You never changed form. You used no wishes. Achievements: You entered the Gnomish Mines. You entered a shop. You attained the rank of Aborigine. You entered Minetown. You entered a temple. You attained the rank of Wanderer. You completed the Gnomish Mines. The Dungeons of Doom: levels 1 to 2 Level 1: A fountain. Level 2: A jewelers, a fountain. Stairs down to The Gnomish Mines. The Gnomish Mines: levels 3 to 11 Level 3: Level 4: Level 5: Many shops, a temple to Anu, some fountains. Level 6: Level 7: Level 8: Level 9: Level 10: <- You were here. Final resting place for you, killed by a jaguar. Level 11: Game over: ---------- / \ / REST \ / IN \ / PEACE \ / \ | Arasaka | | 176 Au | | killed by a | | jaguar | | | | | | 2022 | *| * * * | * _________)/\\_//(\/(/\)/\//\/|_)_______ Goodbye Arasaka the Cavewoman... You died in The Gnomish Mines on dungeon level 10 with 5123 points, and 176 pieces of gold, after 4151 moves. You were level 7 with a maximum of 72 hit points when you died.